AoeStats
← Brummkäfer

Golden Pit

509146800Analyzed
1v1 RM · 8d ago on Sep 25, 2026· 48m 38s· 2 players
Game mode
Random Map
Map size
Tiny (2 player)
Population
200
Speed
Normal
Resources
Standard
Victory
Conquest
Starting age
Dark Age
Ending age
Imperial Age
RankedLock teamsTeams togetherTeam positionsShared explorationLock speedFull tech treeHidden civsTurbo modeCheats
Victory
Defeat
🇮🇪 Sicilians · Ireland
741
+14
🇩🇪 Bulgarians · Germany
693
-14
Brummkäfer
3:33 Loom
11:50 Feudal Age
14:30 Forging
14:20 Scale Mail Armor
14:09 Arson
23:36 Castle Age
25:03 Gambesons
27:52 Horse Collar
29:56 Iron Casting
33:49 Double-Bit Axe
34:02 Town Watch
34:57 Wheelbarrow
34:58 Elite Skirmisher
37:34 Thumb Ring
39:30 Ballistics
40:13 Heavy Plow
40:52 Murder Holes
41:56 Hand Cart
43:34 Masonry
45:34 Stone Mining
beazzlebub
8:37 Loom
10:41 Feudal Age
14:44 Horse Collar
20:58 Scale Mail Armor
21:13 Forging
21:08 Fletching
27:36 Castle Age
27:02 Arson
30:46 Bodkin Arrow
31:27 Iron Casting
33:40 Squires
34:01 Chain Mail Armor
33:50 Stone Mining
33:49 Double-Bit Axe
34:06 Heavy Plow
34:07 Murder Holes
39:42 Imperial Age
37:01 Town Watch
37:53 Wheelbarrow
40:25 Ballistics
42:53 Town Patrol
47:29 Bracer
48:00 Plate Mail Armor
48:49 Bow Saw
Connection lost

Rejoining the realm…

Still unreachable

The connection could not be restored.

Session expired

The server has moved on; the page needs a fresh start.